Map: Dusk Towers

Players

청토끼

  • Race: Zerg Zerg
  • League: Master

Nathanias - Winner!

  • Race: Terran Terran

VOD

https://youtu.be/N4mvJ74Yoww

Description

Time

  • Played on: Dec. 31, 2015, 3:51 p.m.
  • Length: 11:10
Show
View Real Time Build Order
Export as new Build Order

청토끼 Zerg 

Build Orders: Hatch First 

Get SALT Encoding   

  12  0:01  Drone  
  13  0:13  Overlord  
  13  0:18  Drone  
  14  0:31  Drone x2  
  14  0:35  Drone  
  17  0:46  Drone  
  18  0:56  Hatchery  
  17  0:59  Drone  
  17  1:00  Extractor  
  17  1:13  Spawning Pool  
  17  1:17  Drone  
  17  1:21  Drone  
  18  1:29  Drone  
  19  1:42  Overlord  
  19  2:01  Metabolic Boost, Queen  
  19  2:02  Zergling x4  
  19  2:07  Queen  
  26  2:08  Zergling x2  
  26  2:12  Drone  
  27  2:19  Drone  
  28  2:23  Drone  
  29  2:30  Drone  
  29  2:36  Queen  
  30  2:37  Overlord  
  30  2:41  Drone  
  33  2:44  Drone  
  33  2:47  Queen  
  36  2:51  Overlord  
  36  2:56  Drone  
  37  3:03  Drone  
  37  3:07  Drone  
  37  3:11  Drone x3  
  41  3:16  Drone  
  41  3:18  Drone x4  
  46  3:31  Hatchery  
  45  3:42  Drone x3, Extractor x2  
  45  3:43  Roach Warren  
  45  3:49  Lair  
  45  3:58  Drone  
  45  3:59  Drone x2  
  45  4:00  Drone x4  
  52  4:07  Overlord  
  52  4:12  Overlord  
  52  4:13  Overlord  
  52  4:30  Evolution Chamber x2  
  50  4:33  Zergling x2  
  50  4:34  Zergling x12  
  55  4:44  Roach x3  
  61  4:51  Spore Crawler  
  60  4:52  Spore Crawler  
  60  4:56  Zerg Missile Weapons Level 1  
  60  4:57  Zerg Ground Armor Level 1  
  58  5:02  Roach x5  
  57  5:23  Drone  
  57  5:24  Drone x10  
  57  5:27  Glial Reconstitution  
  65  5:37  Drone x5  
  70  5:52  Drone  
  70  5:53  Drone x4  
  70  5:54  Hydralisk Den  
  70  5:55  Drone, Extractor  
  74  6:09  Drone  
  75  6:12  Drone  
  75  6:13  Drone x3, Overlord  
  75  6:14  Overlord x3  
  82  6:18  Ravager x3  
  82  6:39  Drone x6  
  92  6:40  Drone x5, Muscular Augments  
  92  6:43  Extractor  
  92  6:45  Extractor  
  92  6:46  Drone  
  92  6:47  Drone x3  
  95  6:55  Hydralisk x5  
  101  7:08  Spire  
  101  7:14  Drone x2  
  102  7:50  Hatchery  
  100  7:53  Hydralisk x7  
  100  7:56  Overlord  
  100  7:57  Overlord x3  
  114  8:21  Corruptor x4  
  122  8:39  Infestation Pit  
  121  8:44  Overlord x2  
  121  9:10  Drone x7  
  121  9:11  Drone  
  121  9:12  Drone x4, Corruptor  
  135  9:18  Hive  
  135  9:19  Overseer  
  135  9:26  Corruptor x2  
  135  9:28  Roach  
  141  9:31  Ravager x3  
  141  9:32  Ravager x2  
  141  9:36  Drone x4  
  150  9:38  Drone  
  150  9:39  Drone  
  150  9:40  Drone  
  153  9:46  Extractor  
  153  9:47  Extractor  
  151  9:59  Overlord x2  
  151  10:01  Pathogen Glands  
  151  10:14  Overlord x3  
  151  10:15  Overlord  
  151  10:16  Overlord x2  
  151  10:20  Drone x5  
  151  10:21  Hydralisk x2  
  160  10:30  Hydralisk x2  
  160  10:35  Roach x10  
  153  10:36  Hydralisk  
  153  10:39  Roach  
  153  10:40  Roach x2  
  153  10:42  Roach  
  142  10:43  Roach  
  142  10:49  Roach  
  132  10:50  Roach x4  
Show
View Real Time Build Order
Export as new Build Order

Nathanias Terran - Winner!

Build Orders: Liberator Opening, Reaper Expand 

Get SALT Encoding   

  12  0:00  SCV  
  13  0:13  SCV  
  14  0:17  Supply Depot  
  14  0:25  SCV  
  15  0:39  SCV  
  15  0:40  Barracks  
  16  0:44  Refinery  
  16  0:51  SCV  
  17  1:03  SCV  
  18  1:15  SCV  
  19  1:28  Orbital Command  
  19  1:29  Reaper  
  20  1:41  Command Center  
  20  1:51  Supply Depot  
  20  1:55  SCV  
  20  2:00  Refinery  
  20  2:01  Marine  
  22  2:11  Factory  
  22  2:13  SCV  
  23  2:24  Barracks Reactor  
  23  2:25  SCV  
  23  2:37  SCV  
  24  2:50  SCV  
  25  2:58  Starport  
  25  3:00  SCV  
  26  3:07  Hellion x2  
  26  3:12  SCV, Orbital Command  
  31  3:13  Barracks Tech Lab  
  31  3:16  Orbital Command  
  31  3:24  SCV  
  32  3:29  Hellion x2  
  36  3:35  Liberator  
  36  3:36  SCV  
  37  3:44  SCV  
  39  3:50  Hellion x2  
  39  3:51  Fusion Core  
  46  3:59  Supply Depot  
  46  4:00  Supply Depot, SCV  
  46  4:05  SCV  
  47  4:13  SCV  
  47  4:14  Hellion x2  
  52  4:17  SCV  
  52  4:21  Supply Depot  
  53  4:25  SCV  
  53  4:28  Barracks Tech Lab  
  53  4:29  SCV  
  55  4:37  SCV  
  56  4:41  SCV  
  56  4:42  Advanced Ballistics  
  57  4:52  SCV  
  58  4:54  Command Center, SCV  
  59  5:04  SCV  
  59  5:05  Marine x2  
  59  5:06  SCV  
  63  5:14  Liberator  
  59  5:16  SCV  
  59  5:18  SCV  
  59  5:21  Siege Tank  
  59  5:28  SCV  
  50  5:30  SCV, Refinery x2  
  50  5:32  Marine x2  
  56  5:39  Bunker  
  56  5:40  SCV, Bunker, Engineering Bay x2  
  56  5:41  Supply Depot  
  57  5:44  SCV  
  57  5:49  Marine x2  
  58  5:52  SCV  
  58  5:56  SCV  
  62  6:00  Liberator  
  62  6:04  SCV  
  62  6:05  Siege Tank  
  62  6:08  SCV  
  62  6:10  Orbital Command  
  67  6:14  Marine x2  
  67  6:16  SCV  
  73  6:20  Terran Infantry Weapons Level 1, Terran Infantry Armor Level 1  
  73  6:23  SCV  
  73  6:24  Supply Depot x2  
  74  6:26  Barracks  
  74  6:31  Barracks  
  74  6:35  SCV  
  74  6:37  SCV  
  76  6:41  SCV  
  76  6:43  Siege Tank  
  80  6:48  SCV  
  80  6:50  SCV  
  82  6:55  Liberator x2  
  82  7:01  Barracks  
  82  7:02  Barracks  
  82  7:05  Stimpack  
  82  7:06  Marine  
  83  7:10  Missile Turret x2  
  83  7:11  Missile Turret  
  83  7:12  Missile Turret  
  89  7:16  Missile Turret  
  89  7:25  Barracks Reactor x2  
  89  7:26  Marauder  
  89  7:29  Siege Tank  
  94  7:33  Supply Depot  
  94  7:36  Supply Depot  
  94  7:39  Armory  
  94  7:43  SCV x2  
  96  7:47  Marine  
  96  7:48  Supply Depot  
  96  7:49  Supply Depot  
  97  7:51  Barracks Reactor x2  
  97  7:55  Missile Turret  
  97  8:03  Medivac  
  97  8:05  Marine x3, Orbital Command  
  99  8:06  Marine  
  99  8:11  Marine  
  104  8:13  Medivac  
  106  8:28  Barracks  
  106  8:29  Barracks  
  106  8:32  Barracks  
  106  8:33  Refinery  
  106  8:35  Marine  
  106  8:36  Marine x7  
  106  8:37  Marauder  
  116  8:43  Terran Infantry Weapons Level 2  
  116  8:46  Refinery, Terran Infantry Armor Level 2  
  116  8:51  Missile Turret  
  116  9:00  Marine x9  
  125  9:06  Combat Shields, Siege Tank  
  128  9:12  Medivac  
  128  9:16  Barracks Reactor x2  
  130  9:18  Marine  
  130  9:21  Barracks Tech Lab  
  131  9:26  Supply Depot, Marine  
  131  9:27  Supply Depot, Marauder, Marine x6  
  131  9:28  Supply Depot  
  137  9:35  Marine  
  138  9:38  Medivac  
  138  9:42  Medivac  
  138  9:44  Marine, Marauder  
  138  9:45  Marine x4  
  149  9:46  Missile Turret  
  149  9:52  Command Center  
  149  9:55  Marine x7  
  149  9:56  Marauder  
  158  10:02  Marine  
  158  10:06  Marauder, Marine  
  162  10:12  Marine x3  
  162  10:13  Marine x3  
  168  10:17  Marauder  
  170  10:27  Marine x3  
  173  10:30  Starport, Marine x4  
  173  10:31  Marauder  
  164  10:36  Marine  
  164  10:38  Marauder  
  156  10:45  Marine x7  
  156  10:48  Marine x3  
Tags
 
Add a new tag
Caveats
  • Supply blocks, unpowered buildings, or Contaminate may cause inaccurate times.
  • Supply counts are checked every 10 seconds.